 Dungeon Crawl Stone Soup version 0.25.0-1-g7eea58d2a3 (webtiles) character file.

Game seed: 15464585738038938878

9733 Delamore the Basher (level 11, -1/69 HPs)
             Began as a Gargoyle Fighter on June 13, 2020.
             Was a Priest of Okawaru.
             Slain by an orc knight
             ... wielding a +0 halberd
              (17 damage)
             ... in a bailey.
             The game lasted 00:20:13 (8963 turns).

Delamore the Basher (Gargoyle Fighter)              Turns: 8963, Time: 00:20:14

Health: -1/69      AC: 22    Str: 23    XL:     11   Next: 51%
Magic:  11/11      EV: 10    Int: 15    God:    Okawaru [***...]
Gold:   431        SH: 11    Dex:  9    Spells: 10/10 levels left

rFire    . . .     SeeInvis .   F - +5 flail "Plog" {flame, *Drain Int+6}
rCold    + . .     Gourm    .   c - +0 kite shield
rNeg     + . .     Faith    .   n - +0 chain mail
rPois    ∞         Spirit   .   p - +2 helmet
rElec    +         Reflect  .   g - +0 cloak
rCorr    .         Harm     .   (no gloves)
MR       .....                  l - +0 pair of boots
Stlth    ..........             s - amulet of the acrobat
HPRegen  0.21/turn              u - +4 ring of evasion
MPRegen  0.12/turn              b - ring of protection from cold

@: very slightly contaminated
A: negative energy resistance 1, electricity resistance, unbreathing,
petrification resistance, rot immunity, AC +8
a: Heroism, Renounce Religion


You were in a bailey.
You worshipped Okawaru.
Okawaru was most pleased with you.
You were hungry.

You visited 2 branches of the dungeon, and saw 9 of its levels.
You also visited: Ossuary and Bailey.

You collected 431 gold pieces.

Inventory:

Hand Weapons
 F - the +5 flail "Plog" (weapon) {flame, *Drain Int+6}
   (You found it on level 6 of the Dungeon)

   It has been specially enchanted to burn those struck by it, causing extra
   injury to most foes and up to half again as much damage against particularly
   susceptible opponents.
   It affects your intelligence (+6).
   It causes draining when unequipped.
 H - a +4 dire flail of holy wrath
 I - a +2 morningstar of protection
Missiles
 h - a throwing net (quivered)
Armour
 c - a +0 kite shield (worn)
 g - a +0 cloak (worn)
 l - a +0 pair of boots (worn)
 n - a +0 chain mail (worn)
 p - a +2 helmet (worn)
Jewellery
 b - a ring of protection from cold (right hand)
 e - an uncursed ring of resist corrosion
 s - an amulet of the acrobat (around neck)
 u - a +4 ring of evasion (left hand)
 A - an uncursed amulet of magic regeneration
Wands
 m - a wand of iceblast (1)
 y - a wand of random effects (42)
 C - a wand of flame (26)
 J - a wand of enslavement (3)
Scrolls
 a - a scroll of random uselessness
 d - a scroll of summoning {unknown}
 j - 4 scrolls of identify
 k - 6 scrolls of teleportation
 q - 2 scrolls of fog
 r - 2 scrolls of enchant weapon
 w - 4 scrolls of enchant armour
 z - 2 scrolls of remove curse
 K - a scroll of acquirement {unknown}
Potions
 i - 3 potions of haste
 o - 4 potions of degeneration
 t - a potion of ambrosia
 v - a potion of stabbing
 x - a potion of lignification
 B - a potion of brilliance
 D - 2 potions of resistance
 E - 3 potions of magic
 G - 2 potions of cancellation
 M - a potion of berserk rage
 O - 3 potions of curing
Comestibles
 f - 15 rations


   Skills:
 - Level 8.3 Fighting
 + Level 14.6 Maces & Flails
 - Level 3.2 Armour
 - Level 8.3 Shields


You had 10 spell levels left.
You didn't know any spells.
Your spell library was empty.

Dungeon Overview and Level Annotations

Branches:
Dungeon (8/15)             Temple (1/1) D:6         Ossuary (visited)
 Bailey (1/1)
   Lair: D:8-11

Altars:
Ashenzari
Cheibriados
Elyvilon
Gozag
Hepliaklqana
Kikubaaqudgha
Nemelex Xobeh
Okawaru
Qazlal
Ru
Sif Muna
Trog
Uskayaw
Vehumet
Wu Jian
Xom
Yredelemnul
Zin
The Shining One


Innate Abilities, Weirdness & Mutations

You are resistant to torment.
Your stone body is resilient. (AC +8)
You are immune to poison.
You resist negative energy. (rN+)
You are resistant to electric shocks. (rElec)
You can survive without breathing.
You are immune to petrification.
You are immune to rotting.


Message History

Press: ? - help, v - describe, . - travel, g - get item A scroll labeled KIP EXENGE.
The floor.
r - 2 scrolls of enchant weapon (gained 1)
You block the orc knight's attack.
You see here a scroll labeled KIP EXENGE.
d - a scroll labeled KIP EXENGE The orc warrior no longer looks unusually strong.
The orc knight no longer looks unusually strong.
The orc knight barely misses you.
The orc warrior no longer looks unusually strong.
The orc knight roars a battlecry!
The orcs go into a battle-frenzy!
You see here a scroll of enchant weapon.
The orc knight misses you.
You see here a scroll labeled IPOQAE NANLU.
K - a scroll labeled IPOQAE NANLU The orc knight no longer looks unusually strong.
The orc knight hits you from afar with a +0 halberd!
You die...

##.....##
#.......#
#.......#
#.......#
#.......#
#...o...#
#..ooo..#
#..?....#
#..@??..#
#..???..#
#.......#
##..∩..##
#######


You could see 2 orc knights and 2 orc warriors.

Vanquished Creatures
  An orc knight (Bailey)
  Joseph (D:7)
  2 hippogriffs (D:7)
  Edmund (D:5)
  A water moccasin (D:7)
  8 orc warriors
  An ice beast (D:8)
  A sky beast (D:7)
  3 phantoms
  3 ogres
  3 bullfrogs (D:6)
  3 elf zombies (Ossuary)
  A water moccasin zombie (D:5)
  4 scorpions
  4 wights (D:6)
  2 howler monkeys
  3 centaur zombies
  2 crimson imps (D:5)
  A bullfrog zombie (D:5)
  2 jellies
  4 orc priests
  Crazy Yiuf (D:3)
  4 hounds
  A centaur skeleton (D:5)
  2 iguanas
  6 orc wizards
  Natasha (thrice) (D:2)
  7 worker ants
  A killer bee zombie (D:6)
  A hound skeleton (D:6)
  2 mummies (Ossuary)
  A worker ant zombie (D:6)
  Robin (D:3)
  10 gnolls
  10 adders
  2 oozes
  2 adder skeletons
  2 adder zombies
  A dart slug (D:3)
  A leopard gecko (D:3)
  54 orcs
  10 giant cockroaches
  20 goblins
  7 hobgoblins
  17 jackals
  7 kobolds
  6 quokkas
  A ball python (D:3)
  9 bats
  6 frilled lizards
  A goblin zombie (Ossuary)
  11 hobgoblin zombies (Ossuary)
  8 kobold zombies (Ossuary)
  8 orc zombies (Ossuary)
  A quokka zombie (D:6)
  11 rats
  2 rat zombies (Ossuary)
288 creatures vanquished.

Notes
Turn   | Place    | Note
-------+----------+-------------------------------------------
     0 | D:1      | Delamore the Gargoyle Fighter began the quest for the Orb.
     0 | D:1      | Reached XP level 1. HP: 14/14 MP: 1/1
   120 | D:1      | Reached XP level 2. HP: 19/19 MP: 2/2
   146 | D:1      | Reached skill level 3 in Maces & Flails
   662 | D:1      | Reached XP level 3. HP: 23/23 MP: 3/3
  1250 | D:2      | Reached skill level 4 in Maces & Flails
  1374 | D:2      | Noticed Natasha
  1387 | D:2      | Reached XP level 4. HP: 25/28 MP: 4/4
  1392 | D:2      | Killed Natasha
  1655 | D:2      | Noticed Natasha
  1669 | D:2      | Killed Natasha
  1669 | D:2      | Reached skill level 5 in Maces & Flails
  1669 | D:2      | Reached XP level 5. HP: 20/32 MP: 5/5
  1786 | D:2      | Noticed Natasha
  1793 | D:2      | Killed Natasha
  2519 | D:3      | Noticed Robin
  2561 | D:2      | Reached skill level 6 in Maces & Flails
  2643 | D:2      | Reached XP level 6. HP: 30/37 MP: 6/6
  2809 | D:3      | Killed Robin
  3025 | D:3      | Noticed an orc warrior
  3047 | D:3      | Killed an orc warrior
  3047 | D:3      | Reached skill level 7 in Maces & Flails
  3069 | D:3      | Reached XP level 7. HP: 24/41 MP: 7/7
  3257 | D:3      | Found a runed translucent door.
  3258 | D:3      | Noticed Crazy Yiuf
  3464 | D:3      | Killed Crazy Yiuf
  3572 | D:4      | Found a sacrificial altar of Ru.
  3788 | D:4      | Reached skill level 8 in Maces & Flails
  4279 | D:4      | Found an ornate altar of the Wu Jian Council.
  4411 | D:5      | Entered Level 5 of the Dungeon
  4646 | D:4      | Reached skill level 9 in Maces & Flails
  4646 | D:4      | Reached XP level 8. HP: 39/46 MP: 8/8
  5223 | D:5      | Reached skill level 10 in Maces & Flails
  5545 | D:5      | Noticed Edmund
  5573 | D:5      | Killed Edmund
  5794 | D:5      | Reached skill level 11 in Maces & Flails
  6052 | D:6      | Reached XP level 9. HP: 51/51 MP: 9/9
  6136 | D:6      | Found a staircase to the Ecumenical Temple.
  6154 | Temple   | Entered the Ecumenical Temple
  6225 | Temple   | Became a worshipper of Warmaster Okawaru
  6273 | D:6      | Reached skill level 12 in Maces & Flails
  6398 | D:6      | Found a shimmering blue altar of Sif Muna.
  6401 | D:6      | Got a shimmering flail
  6402 | D:6      | Identified the +5 flail "Plog" {flame, *Drain Int+6} (You
                  | found it on level 6 of the Dungeon)
  6408 | D:6      | Found an ancient bone altar of Kikubaaqudgha.
  6410 | D:6      | Found a sparkling altar of Nemelex Xobeh.
  6876 | D:7      | Reached * piety under Okawaru
  6892 | D:7      | Found a sand-covered staircase.
  6897 | Ossuary  | Entered an ossuary
  7025 | Ossuary  | Reached skill level 13 in Maces & Flails
  7240 | D:7      | Reached XP level 10. HP: 44/56 MP: 10/10
  7529 | D:7      | Reached ** piety under Okawaru
  7654 | D:7      | Noticed Joseph
  7666 | D:7      | Killed Joseph
  7666 | D:7      | Reached skill level 14 in Maces & Flails
  7941 | D:8      | Found a flagged portal.
  7957 | Bailey   | Entered a bailey
  8219 | Bailey   | HP: 2/56 [orc warrior/+0 glaive (19)]
  8563 | Bailey   | Reached XP level 11. HP: 69/69 MP: 11/11
  8566 | Bailey   | Noticed an orc knight
  8616 | Bailey   | Killed an orc knight
  8616 | Bailey   | Reached *** piety under Okawaru
  8854 | Bailey   | Noticed an orc knight
  8857 | Bailey   | Noticed an orc knight
  8893 | Bailey   | HP: 2/69 [orc knight/+0 halberd (29)]
  8963 | Bailey   | Slain by an orc knight

Illustrated notes

Levels and vault maps discovered:
D:1:      lemuel_arrival_rhombus, layout_loops_ring
D:2:      minmay_angry_zag, layout_basic, minmay_misc_feat_enclosed,
          minmay_split_cup_small, uniq_natasha
D:3:      layout_basic, uniq_crazy_yiuf_cottage, uniq_robin
D:4:      layout_rooms, lemuel_coloured_pillars_altar, kennysheep_mini,
          minmay_fountain_box, minmay_tree_intersection
D:5:      layout_cave_pools, first_ration, uniq_edmund
D:6:      layout_cave_pools, grunt_temple_overflow_open,
          minmay_temple_entry_stoned_glass
D:7:      layout_loops_ring, enter_ossuary_2, uniq_joseph
D:8:      layout_basic, lemuel_doored_altar, enter_bailey_3, david_nohive_1
Temple:   eino_temple_lava
Bailey:   bailey_polearm_5, bailey

Skill      XL: |  1  2  3  4  5  6  7  8  9 10 |
---------------+-------------------------------+-----
Maces & Flails | 3 4 5 6 7 9 11 13 14 | 14.6
Fighting       | 8 |  8.3
Shields        | 8 |  8.3
Armour         | |  3.2

Action                   |  1- 3 |  4- 6 |  7- 9 | 10-12 || total
-------------------------+-------+-------+-------+-------++-------
Melee: Flail             |   207 |   264 |   477 |   141 ||  1089
       Dire flail        |       |       |    38 |       ||    38
       Morningstar       |       |       |    59 |       ||    59
Invok: Heroism           |       |       |       |     1 ||     1
Evoke: Wand              |       |       |     3 |     9 ||    12
  Use: Scroll            |       |     1 |    17 |     4 ||    22
       Potion            |       |       |       |     6 ||     6
  Eat: Chunk             |     2 |     6 |    14 |     5 ||    27
Armor: Scale mail        |   144 |   122 |       |       ||   266
       Chain mail        |       |    84 |   368 |    93 ||   545
Dodge: Dodged            |    88 |   102 |   308 |   108 ||   606
Block: Kite shield       |   124 |   190 |   264 |   124 ||   702
